 Dungeon Crawl Stone Soup version 0.30.1 (webtiles) character file.

Game seed: 13727831023768624451

85502 Kranky the Fighter (level 15, 0/139 HPs)
             Began as a Minotaur Berserker on July 13, 2023.
             Was a High Priest of Trog.
             Slain by an orc knight
             ... wielding a +2 battleaxe of flaming
              (24 damage)
             ... on level 14 of the Dungeon.
             The game lasted 00:58:27 (26154 turns).

Kranky the Fighter (Minotaur Berserker)            Turns: 26154, Time: 00:58:27

Health: 0/139      AC: 22    Str: 34    XL:     15   Next: 38%
Magic:  0/23       EV: 16    Int:  2    God:    Trog [*****.]
Gold:   1104       SH:  7    Dex: 11    Spells: 14/14 levels left

rFire   + + +        n - +5 trident (protect)
rCold   x . .        w - +0 buckler
rNeg    . . .        D - +0 ring mail of Indecent Exposure {Fly rPois Will+}
rPois   +            (helmet restricted)
rElec   +            q - +0 cloak
rCorr   +            L - +2 pair of gloves
SInv    .            K - +0 pair of boots
Will    ++++.        H - amulet "Xarepozu" {Spirit rElec rF+ rC-}
Stlth   +            h - +6 ring of strength
HPRegen 1.43/turn    N - ring "Wemixiock" {rPois rF++ rCorr MP+9 Int-2}
MPRegen 0.18/turn

%: guardian spirit
@: about to teleport, strong-willed, under a protective aura, flying,
regenerating
A: horns 2, retaliatory headbutt
a: Renounce Religion, Berserk, Trog's Hand, Brothers in Arms


You were on level 14 of the Dungeon.
You worshipped Trog.
Trog was extremely pleased with you.
You visited 2 branches of the dungeon, and saw 19 of its levels.
You also visited: Gauntlet and Volcano.

You collected 1868 gold pieces.
You spent 764 gold pieces at shops.

Inventory:

Hand Weapons
 n - a +5 trident of protection (weapon)
 v - the +1 trident of Acobujac {heavy, SInv}
   (Trog gifted it to you on level 13 of the Dungeon)

   SInv:      It lets you see invisible.
 G - the +2 Maxwell's thermic engine {flame, freeze, rev}
   (You found it in a Gauntlet)
Armour
 q - a +0 cloak (worn)
 w - a +0 buckler (worn)
 D - the +0 ring mail of Indecent Exposure (worn) {Fly rPois Will+}
   (You found it on level 8 of the Dungeon)

   rPois:     It protects you from poison.
   Fly:       It grants you flight.
   Will:      It increases your willpower.
 K - a +0 pair of boots (worn)
 L - a +2 pair of gloves (worn)
 W - a +1 plate armour of fire resistance
Jewellery
 h - a +6 ring of strength (left hand)
 t - a ring of resist corrosion
 y - a ring of ice
 H - the amulet "Xarepozu" (around neck) {Spirit rElec rF+ rC-}
   (You found it in a Gauntlet)

   [amulet of guardian spirit]

   It causes incoming damage to be divided between your reserves of health and
   magic.
   rF:        It protects you from fire.
   rC:        It makes you vulnerable to cold.
   rElec:     It insulates you from electricity.
 N - the ring "Wemixiock" (right hand) {rPois rF++ rCorr MP+9 Int-2}
   (You bought it in a shop on level 7 of the Dungeon)

   [ring of magical power]

   Int:       It affects your intelligence (-2).
   rF:        It greatly protects you from fire.
   rPois:     It protects you from poison.
   MP:        It affects your magic capacity (+9).
   rCorr:     It protects you from acid and corrosion.
 P - a ring of willpower
Wands
 k - a wand of paralysis (10)
 o - a wand of quicksilver (20)
 u - a wand of roots (15)
 C - a wand of flame (14)
 O - a wand of polymorph (8)
 S - a wand of digging (7)
 U - a wand of mindburst (5)
Scrolls
 f - 2 scrolls of poison
 i - 3 scrolls of immolation
 j - a scroll of silence
 m - a scroll of fog
 r - 11 scrolls of teleportation
 z - a scroll of identify
 B - 3 scrolls of fear
 I - 3 scrolls of blinking
 J - 3 scrolls of enchant weapon
 Y - 2 scrolls of magic mapping
Potions
 b - 3 potions of haste
 c - 2 potions of lignification
 d - 2 potions of heal wounds
 e - 5 potions of resistance
 g - 8 potions of curing
 l - 4 potions of might
 p - a potion of ambrosia
 s - 5 potions of flight
 x - a potion of berserk rage {unknown}
 E - a potion of attraction {unknown}
 F - a potion of magic {unknown}
 Q - 4 potions of cancellation
 V - a potion of invisibility
 Z - 4 potions of mutation
Miscellaneous
 a - a phantom mirror
 A - a lightning rod (4/4)
 M - a condenser vane


   Skills:
 + Level 14.8 Fighting
 - Level 2.7 Short Blades
 - Level 14.0 Polearms
 + Level 14.7 Armour
 + Level 13.5 Dodging
 - Level 12.0 Shields
 - Level 10.0 Evocations


You had 14 spell levels left.
You didn't know any spells.
Your spell library was empty.

Dungeon Overview and Level Annotations

Branches:
Dungeon (14/15)            Temple (0/1) D:4            Lair (5/5) D:8
  Swamp (0/4) Lair:3       Spider (0/4) Lair:2        Slime (0/5) Lair:4
    Orc (0/2) D:12         Vaults (0/5) D:14        Volcano (visited)
Gauntlet (visited)

Altars:
Hepliaklqana
Kikubaaqudgha
Nemelex Xobeh
Sif Muna
Trog
Uskayaw
Vehumet
Xom
Yredelemnul
The Shining One
Jiyva

Shops:
D:3 =   D:7 :=!   D:9 ?   D:10 *   D:12 (

Annotations:
D:10 2 transporters
D:14 Ytheofip's ghost, journeyman FoFi


Innate Abilities, Weirdness & Mutations

You have a pair of horns on your head.
You reflexively headbutt those who attack you in melee.


Message History

You hit Ytheofip's ghost but do no damage.
You feel sick.
The orc no longer looks unusually strong.
You hit the orc knight. Your headbutt misses the orc knight.
The orc knight is lightly wounded.
You feel sick. The orc misses you. You block the orc knight's attack.
You closely miss the orc knight. Your headbutt misses the orc knight.
You barely miss the orc knight.
You feel sick.
The orc knight hits you with a +2 battleaxe of flaming!!
The orc knight burns you. You block the orc's attack.
You puncture the orc knight!
The orc knight is lightly wounded.
You hit the orc knight. Your headbutt misses the orc knight.
The orc knight is lightly wounded.
You feel sick.
You are no longer poisoned.
The orc hits you but does no damage.
The orc knight hits you with a +2 battleaxe of flaming!!
The orc knight burns you.
The orc knight attacks as you move away!
You block the orc knight's attack.
The orc no longer looks unusually strong.
The orc warlord roars a battlecry!
The orcs go into a battle-frenzy!
As you read the scroll of teleportation, it crumbles to dust.
You feel strangely unstable.
The orc knight hits you with a +2 battleaxe of flaming!
* * * LOW HITPOINT WARNING * * *
The orc knight burns you.
* * * LOW HITPOINT WARNING * * *
Your skin crawls.
You feel strong-willed.
The orc knight hits you with a +2 battleaxe of flaming!
* * * LOW HITPOINT WARNING * * *
The orc priest calls upon Beogh to heal the orc knight.
The orc knight is healed somewhat.
There is an open door here.
The orc knight attacks as you move away!
The orc knight hits you with a +2 battleaxe of flaming!!
You die...

##..#)...#o#.........#
.#..#[...#.o.........#
.#..#_.8.#.'.........#
.#.>#[?oo#.o....hoh..#
....#....#.#.o..oWoo.#
##..#..##..#..####o###
####..8#..#..####.#
..##..#..##.o.#
8.....#..##@######
#######8.........#
##.# #.+........# ##
##..#####.#........#
§#
#.........#..<.....#
§#
#...#######........#
≈###..## #.....?..#
.#....# #........#
.#.#### #........#


You could see an orc knight (strong), an orc priest (strong) and an orc
(strong).

Vanquished Creatures
  Kirke (D:13)
  A minotaur (Gauntlet)
  3 hydras
  Fannar (D:10)
  A vault guard (D:14)
  A catoblepas (Lair:5)
  9 centaur warriors
  8 death yaks
  A death knight (D:14)
  5 two-headed ogres
  2 boulder beetles
  2 tengu warriors
  A fire crab (Lair:5)
  6 skeletal warriors
  3 skysharks
  Lodul (D:10)
  An orc knight (D:14)
  A deep elf archer (Volcano)
  4 lindwurms (D:8)
  10 deep elf pyromancers
  3 ugly things (D:13)
  4 cyclopes
  2 manticores (D:11)
  14 elephants
  A black mamba (Lair:2)
  An ice statue (D:7)
  A torpor snail (Lair:1)
  13 cane toads
  2 unseen horrors (shapeshifter)
  2 minotaur zombies (Gauntlet)
  A gargoyle (D:11)
  5 rime drakes
  An efreet (Gauntlet)
  2 freezing wraiths
  A tengu conjurer (Gauntlet)
  An unseen horror (D:12)
  A troll (D:12)
  5 komodo dragons
  3 polar bears
  A tarantella (shapeshifter) (D:14)
  A meliai (Lair:2)
  Grinder (D:6)
  4 hornets
  5 blink frogs
  18 slime creatures
  5 wyverns
  49 yaks
  3 shadows
  8 fire elementals
  10 humans (D:14)
  2 water elementals (D:11)
  6 wraiths
  A basilisk (Lair:3)
  2 steam dragons
  Grum (D:8)
  4 vampire mosquitoes (D:11)
  2 acid dragons
  14 water moccasins
  5 hell hounds
  2 ice beasts
  7 orc warriors
  A sky beast (D:6)
  4 black bears
  12 ogres
  21 wolves
  10 centaurs
  A phantom (D:5)
  A kobold brigand (D:6)
  Blork the orc (D:5)
  10 bullfrogs
  3 scorpions
  2 gnoll sergeants
  16 wights
  5 killer bees (Lair:2)
  8 electric eels
  6 howler monkeys
  2 vampire bats (D:10)
  3 hounds
  2 gnoll boudas
  9 orc priests
  Crazy Yiuf (D:3)
  2 sleepcaps
  Natasha (thrice) (D:3)
  3 iguanas
  11 orc wizards
  23 gnolls
  3 adders
  A river rat (D:8)
  A shadow imp (D:6)
  4 worms
  3 dart slugs
  52 orcs
  2 bats
  A bat skeleton (D:10)
  3 bat zombies (D:10)
  3 endoplasms
  2 giant cockroaches
  4 goblins
  2 hobgoblins
  2 jackals (D:4)
  4 quokkas
  2 ball pythons (D:1)
  A frilled lizard (D:2)
  11 kobolds
  6 rats
543 creatures vanquished.

Vanquished Creatures (collateral kills)
  A dire elephant (Lair:5)
  3 death yaks (Lair:5)
  A deep troll shaman (Lair:5)
  2 cane toads (Lair:4)
  A polar bear (Lair:4)
  2 water moccasins (Lair:4)
10 creatures vanquished.

Vanquished Creatures (others)
  3 humans
  A water moccasin (Lair:3)
4 creatures vanquished.

Grand Total: 557 creatures vanquished

Notes
Turn   | Place    | Note
-------+----------+-------------------------------------------
     0 | D:1      | Kranky the Minotaur Berserker began the quest for the Orb.
     0 | D:1      | Reached XP level 1. HP: 19/19 MP: 0/0
   381 | D:1      | Reached XP level 2. HP: 27/27 MP: 1/1
   919 | D:2      | Found a faded altar of an unknown god.
  1160 | D:2      | Reached XP level 3. HP: 26/33 MP: 2/2
  1693 | D:3      | Reached XP level 4. HP: 5/41 MP: 3/3
  1694 | D:3      | Reached ** piety under Trog
  2050 | D:3      | Noticed Natasha
  2060 | D:3      | Killed Natasha
  2097 | D:3      | Found a runed translucent door.
  2098 | D:3      | Noticed Crazy Yiuf
  2250 | D:3      | Found Lovire's Jewellery Boutique.
  2518 | D:3      | Noticed Natasha
  2527 | D:3      | Killed Natasha
  2797 | D:3      | Found Lovire's Jewellery Boutique.
  2800 | D:3      | Noticed Natasha
  2807 | D:3      | Killed Natasha
  2808 | D:3      | Reached XP level 5. HP: 32/47 MP: 4/4
  3309 | D:3      | Killed Crazy Yiuf
  3655 | D:4      | Reached skill level 5 in Fighting
  3655 | D:4      | Reached skill level 5 in Polearms
  3728 | D:4      | Reached XP level 6. HP: 40/56 MP: 5/5
  3809 | D:4      | Found a staircase to the Ecumenical Temple.
  4121 | D:5      | Entered Level 5 of the Dungeon
  4327 | D:5      | Found a basalt altar of Yredelemnul.
  4353 | D:5      | Noticed Blork the orc
  4359 | D:5      | Killed Blork the orc
  4360 | D:5      | Reached skill level 5 in Armour
  4360 | D:5      | Reached XP level 7. HP: 41/62 MP: 6/6
  4617 | D:5      | Reached skill level 5 in Dodging
  5119 | D:6      | Reached XP level 8. HP: 70/71 MP: 7/7
  5360 | D:6      | Identified the +6 dagger of Oozing Pus {speed, rN+ Str+3}
  5435 | D:6      | Reached skill level 1 in Short Blades
  5582 | D:6      | Reached skill level 1 in Evocations
  5598 | D:6      | Reached *** piety under Trog
  5662 | D:6      | Noticed Grinder
  5677 | D:6      | Killed Grinder
  6207 | D:6      | Found a hide-covered altar of Uskayaw.
  6218 | D:6      | Reached XP level 9. HP: 67/79 MP: 8/8
  6501 | D:6      | Reached skill level 1 in Shields
  6968 | D:7      | Found Pegiudd's Jewellery Boutique.
  7127 | D:7      | Reached **** piety under Trog
  7215 | D:7      | Noticed an ice statue
  7505 | D:7      | Found Ulik's Distillery.
  7868 | D:7      | Found Vitiuva's Book Emporium.
  8152 | D:7      | Killed an ice statue
  8176 | D:7      | Identified the amulet "Dueqem" {Faith rF+ Int+3}
  8371 | D:8      | Noticed a death yak
  8380 | D:8      | Noticed a death yak
  8383 | D:8      | Noticed a death yak
  8405 | D:7      | Killed a death yak
  8406 | D:7      | Reached XP level 10. HP: 40/90 MP: 9/9
  8651 | D:8      | Noticed Grum
  8667 | D:8      | Killed Grum
  8749 | D:8      | Noticed a two-headed ogre
  8754 | D:8      | Killed a two-headed ogre
  8946 | D:8      | Found a staircase to the Lair.
  9047 | D:8      | Killed a death yak
  9048 | D:8      | Reached skill level 5 in Shields
  9051 | D:8      | Killed a death yak
  9205 | D:8      | Noticed a lindwurm
  9205 | D:8      | Noticed a lindwurm
  9208 | D:8      | Noticed a lindwurm
  9233 | D:8      | Killed a lindwurm
  9233 | D:8      | Killed a lindwurm
  9234 | D:8      | Reached skill level 5 in Evocations
  9239 | D:8      | Noticed a lindwurm
  9249 | D:8      | Killed a lindwurm
  9250 | D:8      | Reached XP level 11. HP: 52/99 MP: 10/10
  9252 | D:8      | Killed a lindwurm
  9278 | D:8      | Identified the +0 ring mail of Indecent Exposure {Fly rPois
                  | Will+}
  9280 | D:8      | Identified the +7 great mace of Jitramn {drain, rElec}
  9374 | D:9      | Found Jusm's Magic Scroll Shoppe.
  9389 | D:9      | Reached skill level 10 in Polearms
  9414 | D:9      | Bought a scroll of noise for 13 gold pieces
  9454 | D:9      | Identified the +8 spear of Internal Strife {pain, Int+4
                  | SInv}
  9854 | D:9      | Found a glowing golden altar of the Shining One.
  9891 | D:9      | Reached skill level 10 in Fighting
 10006 | D:9      | Noticed a two-headed ogre
 10015 | D:9      | Killed a two-headed ogre
 10122 | D:10     | Entered Level 10 of the Dungeon
 10122 | D:10     | Noticed Lodul
 10163 | D:10     | Found Udyugg's Neck Hole.
 10181 | D:10     | Noticed Fannar
 10198 | D:10     | Killed Fannar
 10199 | D:10     | Reached skill level 10 in Armour
 10225 | D:10     | Killed Lodul
 10237 | D:10     | Reached ***** piety under Trog
 10612 | D:10     | Noticed a two-headed ogre
 10619 | D:10     | Killed a two-headed ogre
 10798 | D:10     | Found an ancient bone altar of Kikubaaqudgha.
 10843 | D:10     | Found a radiant altar of Vehumet.
 10954 | D:10     | Found a shimmering blue altar of Sif Muna.
 11017 | D:10     | Found a bloodstained altar of Trog.
 11017 | D:10     | Noticed an orc knight
 11018 | D:10     | Found a transporter.
 11018 | D:10     | Noticed a fire crab
 11019 | D:10     | Found a shimmering altar of Xom.
 11019 | D:10     | Noticed a six-headed hydra
 11034 | D:10     | Found a transporter.
 11175 | D:11     | Noticed a two-headed ogre
 11183 | D:11     | Killed a two-headed ogre
 11319 | D:11     | Reached XP level 12. HP: 75/108 MP: 11/11
 11435 | D:11     | Found a hazy altar of Hepliaklqana.
 12543 | Lair:1   | Entered Level 1 of the Lair of Beasts
 12720 | Lair:1   | Reached skill level 10 in Dodging
 13005 | Lair:1   | Noticed a death yak
 13005 | Lair:1   | Noticed a death yak
 13014 | Lair:1   | Noticed a death yak
 13026 | Lair:1   | Killed a death yak
 13034 | Lair:1   | Killed a death yak
 13044 | Lair:1   | Killed a death yak
 13631 | Lair:1   | Noticed a death yak
 13658 | Lair:1   | Killed a death yak
 14549 | Lair:2   | Reached XP level 13. HP: 87/117 MP: 12/12
 14856 | Lair:2   | Found a hole to the Spider Nest.
 14875 | Lair:2   | You are sucked into a shaft and drop 2 floors!
 15209 | D:7      | Bought the ring "Wemixiock" {rPois rF++ rCorr MP+9 Int-2}
                  | for 751 gold pieces
 15461 | Lair:3   | Found a dark tunnel.
 15469 | Volcano  | Entered a volcano
 15633 | Volcano  | Reached skill level 10 in Shields
 16363 | Lair:3   | Received a gift from Trog
 16417 | Lair:3   | Found a staircase to the Swamp.
 16482 | Lair:3   | Found a sparkling altar of Nemelex Xobeh.
 17677 | Lair:4   | Found a staircase to the Slime Pits.
 17762 | Lair:4   | Found a viscous altar of Jiyva.
 17993 | Lair:4   | Reached XP level 14. HP: 127/127 MP: 13/13
 18175 | Lair:5   | Entered Level 5 of the Lair of Beasts
 20056 | D:12     | Found a gate leading to a gauntlet.
 20187 | Gauntlet | Entered a Gauntlet
 20187 | Gauntlet | Found a transporter.
 20364 | Gauntlet | Found a transporter.
 20373 | Gauntlet | Found the +2 Maxwell's thermic engine {flame, freeze, rev}
 20380 | Gauntlet | Found a transporter.
 20387 | Gauntlet | Found a transporter.
 20407 | Gauntlet | Found a transporter.
 20421 | Gauntlet | Found a transporter.
 20433 | Gauntlet | Found a transporter.
 20447 | Gauntlet | Found a transporter.
 20459 | Gauntlet | Found a transporter.
 20468 | Gauntlet | Found a transporter.
 20490 | Gauntlet | Found a transporter.
 20502 | Gauntlet | Noticed a reaper
 20505 | Gauntlet | Found a transporter.
 20507 | Gauntlet | Found a transporter.
 20705 | Gauntlet | Found a transporter.
 20707 | Gauntlet | Found a transporter.
 20709 | Gauntlet | Found a transporter.
 20749 | Gauntlet | Found a transporter.
 20846 | Gauntlet | Found a transporter.
 21033 | Gauntlet | Identified the amulet "Xarepozu" {Spirit rElec rF+ rC-}
 21063 | Gauntlet | Identified the +1 morningstar of Ru, Hammering {pain, rN+}
 21306 | Gauntlet | Identified the staff of death "Eceth" {rPois rN+ Dex+3}
 21306 | Gauntlet | Identified the staff of air "Nopu" {rElec rPois rF+ rC+
                  | Str-2}
 22120 | D:12     | Found a staircase to the Orcish Mines.
 22341 | D:12     | Found Itasy's Weapon Shoppe.
 22815 | D:13     | Identified the +1 trident of Acobujac {heavy, SInv} (Trog
                  | gifted it to you on level 13 of the Dungeon)
 22815 | D:13     | Received a gift from Trog
 23456 | D:13     | Noticed Kirke
 23464 | D:13     | Killed Kirke
 23654 | D:13     | Reached XP level 15. HP: 123/138 MP: 14/14
 23849 | D:13     | Reached skill level 10 in Evocations
 25535 | D:14     | Found a gate to the Vaults.
 25625 | D:14     | Received a gift from Trog
 25827 | D:14     | Found a runed translucent gate.
 25827 | D:14     | Found a runed translucent gate.
 25827 | D:14     | Found a runed translucent gate.
 25830 | D:14     | Identified the +9 plate armour "Umydunk" {MP+9}
 25831 | D:14     | Noticed Ytheofip's ghost (journeyman FoFi)
 26109 | D:14     | Identified the ring "Xetsuusm" {rElec rCorr}
 26154 | D:14     | Slain by an orc knight

Illustrated notes

Levels and vault maps discovered:
D:1:      dpeg_arrival_long_road, layout_basic
D:2:      layout_rooms, nicolae_ecumenical_lake_church,
          minmay_misc_feat_four_crosses, hex_medium
D:3:      layout_loops_ring, serial_shops, shop, minmay_gold_behind_fungi,
          uniq_crazy_yiuf_cottage, uniq_natasha
D:4:      layout_basic, minmay_temple_entry_overgrown
D:5:      layout_loops_ring, mainiacjoe_overflow_paths, uniq_blork_the_orc
D:6:      layout_loops_ring, nicolae_uskayaw_dance_studio, uniq_grinder
D:7:      lemuel_ice_statue, layout_layer_cave, serial_shops, shop, shop, shop
D:8:      layout_loops_ring, dpeg_lair_monsters, minmay_lindwurm_lava, uniq_grum
D:9:      layout_roguey, tso_altar, serial_shops, shop
D:10:     layout_rooms, vehumet_crystals, gammafunk_temple_overflow_arena,
          nicolae_sif_muna_condensation, kennysheep_vampire_church,
          minivault_24, nicolae_shop_sticking_my_neck_out, uniq_fannar,
          uniq_lodul
D:11:     layout_basic, hangedman_abyss_or_decor_lesser_grid,
          nzn_hepliaklqana_mist_gate
D:12:     layout_basic, orc_0_dummy, gauntlet_entry_generic, serial_shops,
          nicolae_shop_bloodbath_and_beyond
D:13:     layout_basic, uniq_kirke
D:14:     layout_roguey [special_room_orc], ximxim_vaults_locker_room,
          biasface_ghost_orc_armoury, minmay_misc_feat_plants
Lair:1:   layout_cave_pods, small_statue_intersection, beast_lair_carwin_3
Lair:2:   layout_chaotic_city, hellmonk_spider_entry_not_the_bees
Lair:3:   layout_loops_ring, swamp_mist, enter_volcano_1, basic_altar,
          disabler_island
Lair:4:   layout_layer_cave, minmay_slime_entry_pillars,
          infiniplex_staircase_pool_2
Lair:5:   grunt_lair_end_beastmaster, layout_gridlike

Skill      XL: |  1  2  3  4  5  6  7  8  9 10 11 12 13 14 15 |
---------------+----------------------------------------------+-----
Fighting       | 4 5 6 7 8 9 10 11 12 14 | 14.8
Polearms       | 4 5 6 7 8 9 10 12 13 14 | 14.0
Armour         | 3 4 5 6 7 8 9 10 11 12 13 14 | 14.7
Dodging        | 3 4 5 6 7 8 9 10 11 12 13 | 13.5
Short Blades   | 2 |  2.7
Evocations     | 2 3 5 6 7 8 9 10 | 10.0
Shields        | 3 6 7 9 10 12 | 12.0

Action                     |  1- 3 |  4- 6 |  7- 9 | 10-12 | 13-15 || total
---------------------------+-------+-------+-------+-------+-------++-------
  Melee: Spear             |    45 |       |       |       |       ||    45
         Trident           |    29 |    94 |   219 |   599 |  1371 ||  2312
         Headbutt          |     7 |    12 |    45 |   125 |   312 ||   501
         Dagger            |       |       |    84 |       |       ||    84
 Invoke: Berserk           |       |     1 |     5 |     4 |     2 ||    12
         Trog's Hand       |       |       |     1 |       |     1 ||     2
         Brothers in Arms  |       |       |       |       |     3 ||     3
  Evoke: Wand              |       |       |       |     4 |       ||     4
    Use: Scroll            |       |     6 |     6 |     3 |    15 ||    30
         Potion            |       |       |     1 |     1 |       ||     2
 Armour: Animal skin       |    10 |       |       |       |       ||    10
         Ring mail         |       |    16 |    79 |    69 |   328 ||   492
  Dodge: Dodged            |    15 |    57 |   119 |   274 |   534 ||   999
  Block: Buckler           |       |       |    24 |    83 |   273 ||   380
